Selects Airborne Battlegroup
Selects Heavy Machine Gun Paradrop
Heavy Machine Gun Paradrop
Heavy Machine Gun Paradrop
Heavy Machine Gun Paradrop
Mechanized Support Center
Construct Weapon Support Center
M1918 Browning Automatic Rifles
M3 Armored Personnel Carrier
Selects Paratrooper Squad Paradrop
Selects Anti-tank Gun Team Paradrop
Anti-tank Gun Team Paradrop
Anti-tank Gun Team Paradrop
M3 Armored Personnel Carrier
Selects Smoke Bombing Run
Selects Paradrop Reinforcements
Selects Dual P-47 Rocket Strike
M4A1(76) Sherman Medium Tank
Paratrooper Squad Paradrop
M4A1(76) Sherman Medium Tank
Paratrooper Squad Paradrop
M4A1(76) Sherman Medium Tank
M18 Hellcat Tank Destroyer